 Dungeon Crawl Stone Soup version 0.27.0-1-g7a089689b8 (webtiles) character file.

Game seed: 17188159933946838239

667 Sin92 the Skirmisher (level 7, -6/59 HPs)
             Began as a Demonspawn Fighter on Aug 11, 2021.
             Was a Follower of Okawaru.
             Mangled by Menkaure (7 damage)
             ... on level 4 of the Dungeon.
             The game lasted 00:03:43 (3303 turns).

Sin92 the Skirmisher (Demonspawn Fighter)           Turns: 3303, Time: 00:03:43

Health: -6/59      AC: 13    Str: 16 (18) XL:     7   Next: 31%
Magic:  7/7        EV:  3    Int:  7 (10) God:    Okawaru [*.....]
Gold:   170        SH:  9    Dex:  9 (12) Spells: 6/6 levels left

rFire    . . .     SeeInvis +   e - +2 flail (drain)
rCold    . . .     Faith    .   c - +0 kite shield
rNeg     . . .     Spirit   .   n - +0 plate armour
rPois    .         Reflect  .   (no helmet)
rElec    .         Harm     .   i - +0 cloak
rCorr    .         Rampage  .   (no gloves)
Will     .....                  (no boots)
Stlth    ..........             (no amulet)
HPRegen  0.19/turn              (no ring)
MPRegen  0.10/turn              (no ring)

@: mighty
A: ignite blood 2, powered by pain 1, sharp scales 1, see invisible, robust 1
a: Renounce Religion, Heroism


You were on level 4 of the Dungeon.
You worshipped Okawaru.
Okawaru was aware of your devotion.
You visited 2 branches of the dungeon, and saw 5 of its levels.

You collected 170 gold pieces.

Inventory:

Hand Weapons
 a - a +0 war axe
 e - a +2 flail of draining (weapon)
Missiles
 j - 2 throwing nets (quivered)
Armour
 b - a +0 scale mail
 c - a +0 kite shield (worn)
 i - a +0 cloak (worn)
 n - a +0 plate armour (worn)
Jewellery
 h - a +6 ring of intelligence
Scrolls
 f - 3 scrolls of identify {unknown}
 g - 2 scrolls of teleportation {unknown}
 m - a scroll of noise {unknown}
 o - a scroll of enchant weapon {unknown}
 p - a scroll of amnesia {unknown}
Potions
 d - 4 potions of might


   Skills:
 + Level 4.3 Fighting
 - Level 2.4(3.4) Axes
 * Level 3.7(4.1) Maces & Flails
 + Level 3.9 Armour
 + Level 2.6 Dodging
 + Level 4.0 Shields


You had 6 spell levels left.
You didn't know any spells.
Your spell library contained the following spells:

 Spells                   Type           Power      Damage    Failure   Level
 Slow                     Hex            0%         N/A       100%        2
 Confusing Touch          Hex            0%         N/A       100%        3
 Yara's Violent Unravell  Hex/Tmut       0%         3d3       100%        5


Dungeon Overview and Level Annotations

Branches:
Dungeon (4/15)             Temple (1/1) D:4

Altars:
Ashenzari
Cheibriados
Elyvilon
Fedhas
Gozag
Hepliaklqana
Makhleb
Nemelex Xobeh
Okawaru
Qazlal
Ru
Sif Muna
Trog
Uskayaw
Wu Jian
Xom
Yredelemnul

Annotations:
D:4 Menkaure, Robin


Innate Abilities, Weirdness & Mutations

Your demonic aura often causes spilled blood to erupt in flames.
You sometimes gain a little power by taking damage.
You are partially covered in razor-sharp scales. (AC +1, Slay +1)
You have supernaturally acute eyesight. (SInv)
You are robust. (+10% HP)


Message History

Robin throws the goblin at you! The goblin hits you but does no damage.
You sock the goblin!
You kill the goblin!
Okawaru accepts your kill.
It was a potion of degeneration.
There was something very wrong with that liquid.
You feel weakened.
You feel dopey.
You feel clumsy.
Your plate armour prevents you from hitting the goblin.
The goblin hits you but does no damage.
You closely miss the goblin. The goblin hits you but does no damage.
Menkaure casts a spell.
Menkaure seems to speed up.
You block the goblin's attack.
You closely miss the goblin. The goblin hits you with a +0 club.
* * * LOW HITPOINT WARNING * * *
Robin laughs in a distinctly smug fashion.
You barely miss the goblin.
The goblin no longer looks unusually strong.
You block the goblin's attack.
Robin roars a battlecry!
The goblin goes into a battle-frenzy!
You miss the goblin. Menkaure breathes soot at you.
The goblin hits you with a +0 club.
* * * LOW HITPOINT WARNING * * *
The goblin hits you but does no damage.
Unknown command.
Your plate armour prevents you from hitting the goblin.
Menkaure calls on the powers of darkness!
Robin convulses!
The goblin convulses!
Your body is wracked with pain!
* * * LOW HITPOINT WARNING * * *
The goblin hits you with a +0 club.
* * * LOW HITPOINT WARNING * * *
You closely miss the goblin.
The goblin is moderately wounded.
The goblin barely misses you. Robin throws the goblin at you!
You sock Menkaure!
Menkaure is heavily damaged.
Menkaure hits you but does no damage. You block the goblin's attack.
Menkaure hits you!
You die...

.........⌠8...#......##
.......#..............#
.......(..............####
.......÷.............<...#
.................##.#.##.#
.<...............##...# #
..#####......§§.g######
..######......##M#
............5.##@#
......P.....g.##g#
......§§§P....##.#
...P..§.§...g.##'#
...§P.§P§...g##...
...P.._P§..(g# ...
...§......P.).#...
#...PPP§....#.#....
##.....§....#[g.


You could see Menkaure (fast), Robin and a goblin (strong).

Vanquished Creatures
  Pikel (D:4)
  Terence (D:3)
  An orc wizard (D:3)
  A howler monkey skeleton (D:4)
  An adder (D:4)
  6 gnolls
  3 worms
  A dart slug (D:1)
  3 orcs (D:3)
  3 endoplasms
  3 giant cockroaches
  9 goblins
  7 hobgoblins
  4 jackals
  2 quokkas
  7 ball pythons
  3 bats
  A frilled lizard (D:2)
  6 kobolds
  A quokka skeleton (D:4)
  3 rats (D:3)
67 creatures vanquished.

Vanquished Creatures (others)
  A plant (D:4)
1 creature vanquished.

Grand Total: 68 creatures vanquished

Notes
Turn   | Place    | Note
-------+----------+-------------------------------------------
     0 | D:1      | Sin92 the Demonspawn Fighter began the quest for the Orb.
     0 | D:1      | Reached XP level 1. HP: 18/18 MP: 1/1
   277 | D:1      | Gained mutation: You sometimes gain a little power by
                  | taking damage. [demonic ancestry]
   277 | D:1      | Reached XP level 2. HP: 19/24 MP: 2/2
   823 | D:2      | Gained mutation: You have supernaturally acute eyesight.
                  | (SInv) [potion of mutation]
   823 | D:2      | Gained mutation: You are robust. (+10% HP) [potion of
                  | mutation]
   827 | D:2      | HP: 1/23 [gnoll (2)]
   831 | D:2      | Gained mutation: Your demonic aura sometimes causes spilled
                  | blood to erupt in flames. [demonic ancestry]
   831 | D:2      | Reached XP level 3. HP: 7/28 MP: 3/3
  1108 | D:2      | Found a hide-covered altar of Uskayaw.
  1330 | D:2      | Reached skill level 1 in Dodging
  1736 | D:2      | Found a faded altar of an unknown god.
  1994 | D:3      | Found a hide-covered altar of Uskayaw.
  2005 | D:3      | Gained mutation: You are partially covered in razor-sharp
                  | scales. (AC +1, Slay +1) [demonic ancestry]
  2005 | D:3      | Reached XP level 4. HP: 37/38 MP: 4/4
  2049 | D:3      | Reached skill level 1 in Maces & Flails
  2327 | D:3      | Noticed Terence
  2330 | D:3      | Killed Terence
  2429 | D:3      | Reached XP level 5. HP: 39/45 MP: 5/5
  2907 | D:4      | Found a staircase to the Ecumenical Temple.
  2976 | Temple   | Entered the Ecumenical Temple
  3204 | Temple   | Became a worshipper of Warmaster Okawaru
  3238 | D:4      | Found a hazy altar of Hepliaklqana.
  3250 | D:4      | Noticed a lemure
  3250 | D:4      | Noticed a lemure
  3251 | D:4      | Noticed Pikel
  3251 | D:4      | Noticed a lemure
  3252 | D:4      | Noticed a lemure
  3255 | D:4      | Noticed Robin
  3256 | D:4      | Noticed Menkaure
  3286 | D:4      | Killed Pikel
  3286 | D:4      | Reached * piety under Okawaru
  3287 | D:4      | Gained mutation: Your demonic aura often causes spilled
                  | blood to erupt in flames. [demonic ancestry]
  3287 | D:4      | Reached XP level 6. HP: 4/52 MP: 6/6
  3287 | D:4      | Reached XP level 7. HP: 5/59 MP: 7/7
  3301 | D:4      | HP: 1/59 [goblin[Robin] (3)]
  3303 | D:4      | Mangled by Menkaure

Illustrated notes

Levels and vault maps discovered:
D:1:      saegor_arrival_simple_c, layout_loops_cross, minivault_4
D:2:      layout_basic, basic_altar, shapermc_ecumenical_altar_starsandcircs
D:3:      layout_loops_cross, eat_drink_and_be_merry_uskayaw,
          minmay_increasing_density, uniq_terence
D:4:      layout_basic, nicolae_hepliaklqana_hazy_memory,
          minmay_temple_entry_drinking_statues, serial_shops, shop,
          serial_rivers, chequers_serial_rivers_large_b,
          chequers_serial_rivers_room_b, chequers_serial_rivers_large_a,
          chequers_serial_rivers_small_3, chequers_serial_rivers_marsh,
          chequers_serial_rivers_small_a, uniq_menkaure, uniq_pikel, uniq_ijyb,
          uniq_robin
Temple:   regret_index_temple_generic_petals

Skill      XL: |  1  2  3  4  5 |
---------------+----------------+-----
Axes           | 2 |  2.4
Shields        | 3 4 |  4.0
Armour         | 3 |  3.9
Dodging        | 1 2 |  2.6
Maces & Flails | 1 3 |  3.7
Fighting       | 4 |  4.3

Action                   |  1- 3 |  4- 6 |  7- 9 || total
-------------------------+-------+-------+-------++-------
Melee: War axe           |    36 |       |       ||    36
       Flail             |    38 |   100 |    15 ||   153
  Use: Potion            |     2 |     1 |     2 ||     5
Armor: Scale mail        |    34 |     9 |       ||    43
       Plate armour      |       |    78 |     9 ||    87
Dodge: Dodged            |    11 |    21 |     3 ||    35
Block: Kite shield       |    32 |    61 |     6 ||    99
